Cogmind - Beta 14 @@@ ROGUE MODE // 2024.11.20 @ 10:28:47 Player: Littlelink Result: Destroyed by S-10 Pest with Light Assault Rifle Performance ------------- Evolutions (0) 0 Regions Visited (1) 200 Robots Destroyed (15) 75 Value Destroyed (222) 222 Prototype IDs (0) 0 Alien Tech Used (0) 0 Bonus (0) 0 TOTAL SCORE: 497 Bonus ------- None Cogmind --------- Core Integrity 0/250 Matter 173/300 Energy 98/100 System Corruption 1% Temperature Cool (1) Movement Walking (120) Location -10/Materials Parts ------- > --- POWER (1) -------- (None) > --- PROPULSION (2) --- Aluminum Leg > --- UTILITY (2) ------ Visual Processing Unit Targeting Computer > --- WEAPON (2) ------- (None) > --- INVENTORY (5) ---- Flight Unit Peak State ------------ > --- POWER ------------ Ion Engine > --- PROPULSION ------- Improved Treads Improved Treads > --- UTILITY ---------- Large Storage Unit Field Recycling Unit > --- WEAPON ----------- Shotgun Shotgun > --- INVENTORY -------- Light Treads EM Pulse Gun EM Pulse Gun Assault Rifle [Rating: 12] Favorites ----------- Power Ion Engine Engine Ion Engine Propulsion Improved Treads Treads Improved Treads Leg Aluminum Leg Flight Unit Flight Unit Utility Visual Processing Unit Device Field Recycling Unit Storage Large Storage Unit Processor Visual Processing Unit Weapon Shotgun Energy Gun EM Pulse Gun Ballistic Gun Shotgun Launcher Grenade Launcher Special Weapon Welding Torch Build | -11 -10 ------- Run | Yrd Mat Slots Evolved . | . . Power . | . . Propulsion . | . . Utility . | . . Weapon . | . . Parts Attached 22 | 6 16 Power 1 | 1 . Engine 1 | 1 . Core . | . . Reactor . | . . Propulsion 8 | 2 6 Treads 5 | 2 3 Leg 2 | . 2 Wheel . | . . Hover . | . . Flight 1 | . 1 Utility 5 | 1 4 Device 1 | . 1 Storage 2 | 1 1 Processor 2 | . 2 Hackware . | . . Protection . | . . Artifact . | . . Weapon 8 | 2 6 Energy Gun 4 | 2 2 Energy Cannon . | . . Ballistic Gun 2 | . 2 Ballistic Cannon . | . . Launcher 1 | . 1 Special Weapon 1 | . 1 Impact Weapon . | . . Slashing Weapon . | . . Piercing Weapon . | . . Special Melee Weapon . | . . Unidentified Prototypes . | . . Parts Lost 7 | . 7 Power 1 | . 1 Propulsion 2 | . 2 Utility . | . . Weapon 4 | . 4 Highest Loss Streak 6 | . 6 To Critical Strikes . | . . Average Slot Usage (%) 89 | . 89 Engine 13 | . 13 Treads 18 | . 18 Leg 1 | . 1 Flight 7 | . 7 Device 4 | . 4 Storage 5 | . 5 Processor 10 | . 10 Energy Gun 7 | . 7 Ballistic Gun 15 | . 15 Launcher 3 | . 3 Peak Build Rating 12 | 6 12 Average Rating 8 | 5 9 On Entrance 3 | . 6 Naked Turns . | . . Heaviest Build 39 | 14 39 Greatest Support 46 | 40 46 Greatest Overweight (x) 2 | . 2 Average Overweight (x) . | . . Largest Inventory Capacity 15 | 8 15 Average Capacity 8 | 7 9 Most Carried 6 | 4 6 Average Carried 1 | . 2 Final Capacity 8 | 8 5 Final Carried 1 | 1 1 Class Distribution -------------------- 100% | Mutant Dominant Class ---------------- Mutant | -10/Materials Resources | -11 -10 ----------- Run | Yrd Mat Matter Collected 456 | 220 236 Remotely . | . . Salvage Created 311 | . 311 Parts 28 | . 28 Haulers Intercepted . | . . Recyclers Shooed 1 | . 1 Parts Field Recycled . | . . Retrieved Matter . | . . Parts Self-Destructed . | . . Prevented . | . . Kills | -11 -10 ------- Run | Yrd Mat Combat Hostiles Destroyed 8 | . 8 Guns 4 | . 4 AOE 4 | . 4 Classes Destroyed 5 | . 5 Worker 3 | . 3 Recycler 1 | . 1 Watcher 3 | . 3 Swarmer 5 | . 5 Grunt 3 | . 3 Best Kill Streak 6 | . 6 Combat Bots Only 4 | . 4 Max Kills in Single Turn 2 | . 2 Gunslinging 1 | . 1 Exploded 2 | . 2 Melee . | . . Uniques/NPCs Destroyed . | . . Combat | -11 -10 -------- Run | Yrd Mat Hostile Shots Fired 173 | . 173 Missed 60 | . 60 Damage Taken 1019 | . 1019 Core 257 | . 257 Absorbed by Shields . | . . Core Remaining (%) 100 | 100 . Volleys Fired 34 | . 34 Largest 2 | . 2 Hottest 80 | . 80 Shots Fired 60 | . 60 Gun 52 | . 52 Cannon . | . . Launcher 8 | . 8 Special . | . . Kinetic 30 | . 30 Thermal . | . . Explosive 8 | . 8 Electromagnetic 22 | . 22 Robot Hit Streak 5 | . 5 Robot Miss Streak 5 | . 5 Penetration Max . | . . Secondary Targets 1 | . 1 Max Gunslinging Chain 1 | . 1 Shots Hit Robots 20 | . 20 Core Hits 23 | . 23 Critical Kills . | . . Critical Parts Destroyed . | . . Critical Strikes . | . . Melee Attacks . | . . Impact . | . . Slashing . | . . Piercing . | . . Sneak Attacks . | . . Combat Hostiles . | . . Follow-up Attacks . | . . Damage Inflicted 705 | 1 704 Guns 359 | . 359 Cannons . | . . Explosions 345 | . 345 Melee . | . . Ramming 1 | 1 . Kinetic 231 | . 231 Thermal . | . . Explosive 345 | . 345 Electromagnetic 128 | . 128 Impact . | . . Slashing . | . . Piercing . | . . Highest Corruption 1 | . 1 Average Corruption 1 | . 1 Corruption Purged . | . . Corruption Blocked . | . . Overload Shots . | . . Overflow Damage . | . . Projectiles . | . . Explosions . | . . Melee . | . . Knockbacks . | . . Impact . | . . Kinetic . | . . Secondary . | . . Self-Inflicted Damage 23 | . 23 Shots 1 | . 1 Rammed 1 | 1 . Targets Rammed 1 | 1 . Kicked . | . . Crushed . | . . Highest Temperature 72 | . 72 Average Temperature 27 | . 27 Received Heat Transfer 57 | . 57 Siege Activations . | . . Robots Corrupted . | . . Combat Hostiles . | . . Parts Fried 2 | . 2 Impact Corruptions . | . . Robots Melted . | . . Combat Hostiles . | . . Parts Melted . | . . Heat Transferred . | . . Parts Sabotaged . | . . Parts Stolen . | . . Parts Stripped . | . . Power Chain Reactions . | . . Alert | -11 -10 ------- Run | Yrd Mat Peak Influence 161 | . 161 Initial . | . . Average 23 | . 27 Maximum Alert Level . | . . Low Security (%) 100 | 100 100 Level 1 . | . . Level 2 . | . . Level 3 . | . . Level 4 . | . . Level 5 . | . . High Security . | . . Max Security . | . . Squads Dispatched 1 | . 1 Investigation . | . . Extermination . | . . Reinforcement 1 | . 1 Assault . | . . Garrison . | . . Intercept . | . . Searches Triggered . | . . Construction Impeded . | . . Haulers Reinforced . | . . Active Scanning Responses . | . . Cargo Convoy Interrupts . | . . Stealth | -11 -10 --------- Run | Yrd Mat Distress Signals . | . . Communications Jammed . | . . Distress Signals . | . . Times Spotted 17 | . 17 Peak Tracking Total 5 | . 5 Tactical Retreats . | . . Traps | -11 -10 ------- Run | Yrd Mat Traps Triggered 2 | . 2 Indirectly . | . . Trap Hack Attempts . | . . Triggered . | . . Disarmed . | . . Reprogrammed . | . . Reused . | . . Traps Extracted . | . . Installed . | . . Triggered . | . . Machines | -11 -10 ---------- Run | Yrd Mat Machines Disabled . | . . Max in Single Turn . | . . Machines Repaired . | . . Machines Dismantled . | . . Machines Sabotaged . | . . Overloaded Fab Kills . | . . Hacking | -11 -10 --------- Run | Yrd Mat Machines Accessed 4 | . 4 Terminals 3 | . 3 Fabricators . | . . Repair Stations 1 | . 1 Recycling Units . | . . Scanalyzers . | . . Garrison Access . | . . Total Hacks 7 | . 7 Successful 1 | . 1 Failed 6 | . 6 Catastrophic . | . . Database Lockouts . | . . Manual . | . . Terminals 5 | . 5 Fabricators . | . . Repair Stations 2 | . 2 Recycling Units . | . . Scanalyzers . | . . Garrison Access . | . . Terminal Hacks 1 | . 1 Record 1 | . 1 Fabricator Hacks . | . . Repair Station Hacks . | . . Recycling Unit Hacks . | . . Scanalyzer . | . . Garrison Access Hacks . | . . Unauthorized Hacks . | . . Terminals . | . . Fabricators . | . . Repair Stations . | . . Recycling Units . | . . Scanalyzers . | . . Garrison Access . | . . Data Cores Recovered . | . . Used . | . . Hacking Detections 1 | . 1 Full Trace Events . | . . Feedback Events . | . . Feedback Blocked . | . . Robot Schematics Acquired . | . . Robots Built . | . . Authchips . | . . Time . | . . Total Robot Build Rating . | . . Part Schematics Acquired . | . . Parts Built . | . . Authchips . | . . Time . | . . Total Part Build Rating . | . . Parts Repaired . | . . Time . | . . Parts Recycled . | . . Recycled Matter . | . . Retrieved Matter . | . . Retrieved Components . | . . Parts Scanalyzed . | . . Part Schematics Acquired . | . . Parts Damaged . | . . Bothacking | -11 -10 ------------ Run | Yrd Mat Used RIF Installer . | . . Robots Hacked . | . . Non-combat . | . . Combat . | . . Robot Hacks Applied . | . . Relay Couplers Released . | . . Fabnet Peak Effective % . | . . Robots Rewired . | . . Allies Hacked . | . . Hacks Repelled . | . . Allies | -11 -10 -------- Run | Yrd Mat Total Allies . | . . Largest Group . | . . Highest-Rated Group . | . . Highest-Rated Ally . | . . Total Orders . | . . Ally Attacks . | . . Total Damage . | . . Kills . | . . Allies Corrupted . | . . Allies Melted . | . . Intel | -11 -10 ------- Run | Yrd Mat Robot Analysis Total . | . . Derelict Logs Recovered . | . . Drone Launches . | . . Drone Recoveries . | . . Exploration | -11 -10 ------------- Run | Yrd Mat Turns Passed 1200 | 183 1017 Spaces Moved 560 | 71 489 Core 10 | 10 . Treads 263 | 61 202 Legs 35 | . 35 Wheels . | . . Hover . | . . Flight 252 | . 252 Fastest Speed 40 | 50 40 Average Speed 175 | 144 180 Slowest Speed 220 | 160 220 Overloaded Moves . | . . Propulsion Burnouts . | . . Robots Hopped 3 | . 3 Cave-ins Triggered . | . . Exploration Rate (%) 29 | 5 53 Regions Visited 1 Branch Regions . Pre-discovered Areas . | . . Known Exits Taken . | . . Unknown Exits Taken 1 | 1 . Scrap Searched . | . . Spaces Dug . | . . Terrain Destroyed 42 | . 42 Melee . | . . Projectile . | . . AOE 42 | . 42 Terrain Rammed . | . . Walls Destroyed . | . . Machines Disabled . | . . Actions | -11 -10 --------- Run | Yrd Mat Total 712 | 151 561 Wait 67 | 67 . Move 553 | 70 483 Hop 3 | . 3 Pick Up 22 | 7 15 Fast Attach . | . . Attach 11 | 6 5 Detach . | . . Swap 11 | . 11 Drop 10 | . 10 Fire 34 | . 34 Melee . | . . Ram . | . . Kick . | . . Crush 1 | 1 . Escape Stasis . | . . Rewire . | . . Trap . | . . Miscellaneous . | . . Route ------- -11/Scrapyard -10/Materials (discovered 2 exits: [*Mat x2]) History --------- Turn | Location | Event 5 | -11/Scrapyard | Discovered new exit (range 16) 184 | -11/Scrapyard | Entered Materials 308 | -10/Materials | Build established: Mutant 769 | -10/Materials | Discovered new exit (range 17) 1007 | -10/Materials | Discovered new exit (range 18) 1157 | -10/Materials | Core integrity fell below 50% 1185 | -10/Materials | Lost 6 parts (1p1n4w) 1187 | -10/Materials | Core integrity fell below 20% 1201 | -10/Materials | Destroyed by S-10 Pest with Light Assault Rifle Last Messages --------------- K-01 Serf collects debris. R-06 Scavenger collects Lgt. Ion Engine. U-05 Engineer lays Concrete. The unstable cave ceiling collapses. U-05 Engineer lays Concrete. Acquired 27 matter. The unstable cave ceiling collapses. U-05 Engineer lays Concrete. The unstable cave ceiling collapses. U-05 Engineer lays Concrete. K-01 Serf collects debris. U-05 Engineer builds a Wall. The unstable cave ceiling collapses. U-05 Engineer lays Concrete. K-01 Serf collects debris. Acquired 1 matter. U-05 Engineer builds a Wall. Aluminum Leg destroyed. The unstable cave ceiling collapses. U-05 Engineer lays Concrete. Map ----- +----------------------------------------------------+ | ??????# < #????# """ #????????????????????????? | | ??????# #????# "Y" #????????????????????????? | | ??????# +????# #????????????????????????? | | ??????# #????# #????????????????????????? | | ??????# #????# #????????????????????????? | | ??????# #????# """ !#????????????????????????? | | ####### #????# ^ """ #####????????????????????? | | = # #????# """ # #????????????????????? | | "" # #??### ## #??????????????#?????? | | "T * + #### ## #### ######## ## #????? | | "" # % #????? | | # T ??????? | | # #????? | | ####### ########### ## ###### ## #????? | | ??????# #?######### #???????????????? | | ??????# #???# # # +???????????????? | | ?????# #???# # # != #???????????????? | | ???# #???# # = #???????????????? | | """ ?## ##### # #???????????????? | | """ # # ! # # ! #???????????????? | | ??" + ^ # #u # #???????????????? | | ?????#^ [[ + # #???????????????? | | ?????# [[[ # #s ########???????????????? | | ?????# ^[ # s ########?????????????????? | | ?????#^ # #s #?????????????????? | | ?????# # # @ #?????????????????? | | ######^ # # #?????????????????? | | """ ############## #?????????????????? | | """ !#????????????? #?????????????????? | | """ #?????????????? #?????????????????? | | #??????????????? #?????????????????? | | #????????????????#?????????????????? | | ########### #??????????????????????????????????? | | ########??# #??????????????????????????????????? | | #??# #????#######???????????????????????? | | #??# #????# #???????????????????????? | | "" """ #??# #????# """ #???????????????????????? | | "" """ #??# #????# """ #???????????????????????? | | "" """ #??# ###### """ #???????????????????????? | | #??# # """ #???????????????????????? | | ########??# + #???????????????????????? | | ?########## # #???????????????????????? | | ?# # #### # #???????????????????????? | | ?# """ # #??# # " #???????????????????????? | | ?# "R # #??# # T #???????????????????????? | | ?# """ # ^#??# # " #???????????????????????? | | ?# "" / ^ #??# # #???????????????????????? | | ?# # ####+#######???????????????????????? | | ?# # # #???????????????????????????? | | ?# # # #???????????????????????????? | +----------------------------------------------------+ Best States ------------- Heat Dissipation 25 Energy Generation 10 Energy Capacity 250 Matter Stores 300 Matter Capacity 300 Sight Range 18 Terrain Scan Density 10 Evasion (%) 58 Targeting Accuracy 5 Recoil Reduction 2 Item Schematics ----------------- None Robot Schematics ------------------ None Fabricated ------------ Nothing Alien Tech Used ----------------- None Achievements -------------- None Challenges ------------ None Game ------ Seed 80085 Manual? 1 Play Time 00:15:14 Cumulative 6.0 hours Start 2024.11.20 @ 10:10:07 End 2024.11.20 @ 10:28:47 Sessions 1 Manual Loads 0 Difficulty Rogue Special Mode None Game No. 17 Rogue 17 Adventurer 0 Explorer 0 Win Type - Total 0 Types 0/0/0/0/0/0/0/0/0 Lore% 5 Gallery% 12 Achievement% 12 Wizard Run 0 Options --------- Layout 1 ASCII 0 Keyboard 0 Movement Arrows Keybinds 0 Fullscreen 1 Font 18/SmallcapsGlow Map View 50x40 Zoom Use 0% Tactical HUD 0 Map Filters NONE Filters NONE Steam 1 RUN: 820c4693-d4ce-4c94-9594-e2d5ff28ed9c